AoeStats
← shminky

Fortress

510475043Analyzed
1v1 RM · 1d ago on Oct 1, 2026· 45m 2s· 2 players
Game mode
Random Map
Map size
Small (3 player)
Population
200
Speed
Normal
Resources
Standard
Victory
Conquest
Starting age
Dark Age
Ending age
Imperial Age
RankedLock teamsTeams togetherTeam positionsShared explorationLock speedFull tech treeHidden civsTurbo modeCheats
Victory
Defeat
🇦🇺 Bulgarians · Australia
863
+18
🇨🇴 Turks · Colombia
904
-18
Fulgur
8:37 Feudal Age
9:38 Double-Bit Axe
10:20 Town Watch
15:12 Castle Age
18:05 Wheelbarrow
17:42 Bow Saw
18:27 Fletching
18:37 Padded Archer Armor
23:39 Husbandry
23:49 Bloodlines
24:54 Loom
25:03 Horse Collar
29:16 Imperial Age
27:17 Bodkin Arrow
28:35 Forging
28:31 Scale Barding Armor
30:03 Bracer
31:43 Parthian Tactics
33:45 Conscription
36:46 Bombard Tower
36:10 Treadmill Crane
38:45 Ballistics
39:28 Leather Archer Armor
41:38 Heavy Camel Rider
shminky
5:41 Loom
7:35 Feudal Age
9:42 Horse Collar
9:50 Double-Bit Axe
13:50 Castle Age
16:58 Bow Saw
16:39 Gold Mining
16:39 Stone Mining
18:30 Heavy Plow
19:24 Scale Barding Armor
19:30 Forging
19:08 Light Cavalry
22:00 Bloodlines
21:51 Husbandry
24:57 Iron Casting
24:42 Chain Barding Armor
25:12 Wheelbarrow
24:23 Town Watch
26:43 Town Patrol
27:39 Stirrups
29:01 Gold Shaft Mining
30:33 Murder Holes
33:28 Imperial Age
33:39 Elite Konnik
34:29 Pikeman
34:39 Capped Ram
35:36 Gambesons
36:37 Ballistics
36:40 Squires
38:19 Plate Barding Armor
38:45 Blast Furnace
37:47 Scale Mail Armor
39:37 Conscription
40:24 Siege Ram
41:34 Chain Mail Armor
41:53 Halberdier
Connection lost

Rejoining the realm…

Still unreachable

The connection could not be restored.

Session expired

The server has moved on; the page needs a fresh start.